 Dungeon Crawl Stone Soup version 0.19.4-9-g45fd643 (webtiles) character file.

12381 imbaray the Protected (level 12, 0/95 HPs)
             Began as a Human Berserker on Feb 17, 2017.
             Was a High Priest of Trog.
             Slain by a basilisk (8 damage)
             ... on level 3 of the Lair of Beasts.
             The game lasted 00:41:49 (12472 turns).

imbaray the Protected (Human Berserker)            Turns: 12472, Time: 00:41:50

Health: 0/95       AC: 14    Str: 21    XL:     12   Next: 19%
Magic:  12/12      EV:  2    Int: 21    God:    Trog [*****.]
Gold:   499        SH:  0    Dex: 23    Spells: 0 memorised, 11 levels left

rFire  . . .     SeeInvis +     m - +7 halberd of Egrag {vamp, +Blink rPois Int+6}
rCold  + + +     Gourm    .     M - +1 scale mail of Nobility {rCorr Int+4 SInv}
rNeg   + + +     Faith    .     (shield currently unavailable)
rPois  ∞         Spirit   .     g - +0 helmet
rElec  .         Reflect  .     u - +2 cloak
rCorr  +         Harm     +     P - +0 pair of gloves
MR     ++...                    d - +1 pair of boots
Stlth  ..........               G - amulet of harm
                                K - ring "Ehui" {*Corrode rPois Int+4 Dex+5}
                                R - ring of Kusoqem {*Contam rC+++ Dex+3 SInv Stlth-}

@: petrified, corroded, regenerating
A: no striking features
a: Berserk, Trog's Hand, Brothers in Arms, Burn Spellbooks, Renounce Religion,
Evoke Blink


You were on level 3 of the Lair of Beasts.
You worshipped Trog.
Trog was extremely pleased with you.
You were hungry.

You visited 2 branches of the dungeon, and saw 13 of its levels.

You collected 724 gold pieces.
You spent 225 gold pieces at shops.

Inventory:

Hand Weapons
 m - the +7 halberd of Egrag (weapon) {vamp, +Blink rPois Int+6}
   (You found it on level 5 of the Dungeon)

   It inflicts no extra harm, but heals its wielder when it wounds a living foe.
   It affects your intelligence (+6).
   It protects you from poison.
   It lets you blink.
 F - the +3 spear of Behokywk {freeze, rElec}
   (You found it on level 6 of the Dungeon)

   It has been specially enchanted to freeze those struck by it, causing extra
   injury to most foes and up to half again as much damage against particularly
   susceptible opponents.
   It can also slow down cold-blooded creatures.
   It insulates you from electricity.
Armour
 d - a +1 pair of boots (worn)
 g - a +0 helmet (worn)
 u - a +2 cloak (worn)
 w - a +2 leather armour of cold resistance
 M - the +1 scale mail of Nobility (worn) {rCorr Int+4 SInv}
   (You bought it in a shop on level 7 of the Dungeon)

   It affects your intelligence (+4).
   It lets you see invisible.
   It protects you from acid and corrosion.
 P - a +0 pair of gloves (worn)
Jewellery
 a - an uncursed ring of protection from magic
 b - an uncursed ring of protection from cold
 G - an amulet of harm (around neck)
 K - the ring "Ehui" (right hand) {*Corrode rPois Int+4 Dex+5}
   (You found it on level 9 of the Dungeon)

   [ring of dexterity]

   It affects your intelligence (+4).
   It affects your dexterity (+5).
   It protects you from poison.
   It may corrode you when you take damage.
 R - the ring of Kusoqem (left hand) {*Contam rC+++ Dex+3 SInv Stlth-}
   (You acquired it on level 1 of the Lair of Beasts)

   [ring of dexterity]

   It affects your dexterity (+3).
   It renders you almost immune to cold.
   It lets you see invisible.
   It causes magical contamination when unequipped.
   It makes you less stealthy.
Wands
 n - a wand of digging (13/24)
 q - a wand of enslavement (7/24)
 D - a wand of confusion (18/48)
Scrolls
 e - 9 scrolls of remove curse
 k - a scroll of teleportation
 l - 2 scrolls of blinking
 B - a scroll of fear
 L - 3 scrolls of magic mapping
 Q - a scroll of summoning
Potions
 c - 2 potions of mutation
 f - a potion of haste
 h - 4 potions of curing
 i - 2 potions of berserk rage {unknown}
 j - 2 potions of agility
 p - 5 potions of heal wounds
 v - a potion of brilliance
 A - a potion of cancellation
 C - 2 potions of flight
 J - 3 potions of invisibility
Comestibles
 r - 8 meat rations
 s - 8 bread rations
 z - 4 beef jerkies
 E - 15 fruits


   Skills:
 + Level 9.1 Fighting
   Level 5.9(8.1) Axes
 + Level 8.7(9.5) Polearms
 + Level 9.9 Armour
 + Level 9.5 Dodging


You had 11 spell levels left.
You didn't know any spells.

Dungeon Overview and Level Annotations

Branches:
Dungeon (10/15)            Temple (0/1) D:4            Lair (3/6) D:10
  Swamp: Lair:2-4    Shoals: Lair:2-4     Snake: Lair:2-4    Spider: Lair:2-4
    Orc: D:9-12

Altars:
Gozag
Qazlal
Trog
Uskayaw
Yredelemnul
Zin

Shops:
D:7 [


Message History

The blink frog hits you but does no damage.
The spiny frog stings you!
The blink frog hits you but does no damage.
The basilisk bites you!
The blink frog hits you but does no damage.
The spiny frog stings you!
* * * LOW HITPOINT WARNING * * *
The blink frog hits you but does no damage. x2
The basilisk bites you!
* * * LOW HITPOINT WARNING * * *
The blink frog hits you!
* * * LOW HITPOINT WARNING * * *
Your corrosive artefact corrodes you!
The blink frog hits you!
* * * LOW HITPOINT WARNING * * *
The spiny frog stings you but does no damage.
The blink frog blinks! x2
The blink frog hits you.
* * * LOW HITPOINT WARNING * * *
The blink frog blinks!
The basilisk bites you!
You die...

...............
...............
............F...
................
................
................
......§lFF......
#P@F......#
##...%...#
#.F.F...#
#.......#
#.......#
........#
..........#
##........##
##.......#


You could see 2 spiny frogs, a basilisk and 4 blink frogs.

Vanquished Creatures
  Erolcha (D:9)
  A hill giant (D:10)
  The ghost of Paps the Ruffian, a novice TrFi of Okawaru (D:4)
  3 spiny frogs
  4 komodo dragons (Lair:2)
  A merfolk (D:10)
  A troll (D:10)
  A blink frog (Lair:3)
  A wyvern (D:8)
  4 yaks (Lair:2)
  2 basilisks
  Eustachio (D:4)
  Menkaure (D:4)
  Edmund (D:4)
  7 porcupines
  4 water moccasins
  3 orc warriors
  A phantom (D:8)
  A black bear (D:6)
  3 ice beasts
  A hornet zombie (D:9)
  2 sky beasts
  5 ogres
  5 centaurs
  9 crocodiles
  A big kobold (D:8)
  7 bullfrogs
  4 scorpions
  3 killer bees (D:9)
  3 centaur zombies
  A quasit (D:9)
  3 jellies
  6 orc priests
  3 bullfrog skeletons
  A gnoll shaman (D:8)
  3 hounds
  13 orc wizards
  6 iguanas
  7 worker ants
  2 hound zombies
  2 worker ant zombies (D:9)
  16 adders
  11 gnolls
  3 shadow imps
  An ooze (D:3)
  An adder skeleton (D:4)
  4 worms
  9 leopard geckos
  43 orcs
  6 bats
  5 giant cockroaches
  7 goblins
  8 hobgoblins
  7 jackals
  13 quokkas
  A ball python (D:3)
  2 frilled lizards
  2 gnoll zombies (D:6)
  11 kobolds
  A leopard gecko skeleton (D:5)
  A leopard gecko zombie (D:6)
  10 rats
291 creatures vanquished.

Vanquished Creatures (collateral kills)
  2 hydras
  A centaur (D:7)
3 creatures vanquished.

Vanquished Creatures (others)
  A wizard (D:3)
  A gnoll (D:8)
  A fungus (Lair:2)
  4 plants
7 creatures vanquished.

Grand Total: 301 creatures vanquished

Notes
Turn   | Place    | Note
-------+----------+-------------------------------------------
     0 | D:1      | imbaray the Human Berserker began the quest for the Orb.
     0 | D:1      | Reached XP level 1. HP: 18/18 MP: 1/1
   269 | D:1      | Reached XP level 2. HP: 24/24 MP: 2/2
   626 | D:2      | Reached XP level 3. HP: 14/29 MP: 3/3
   819 | D:2      | Found a faded altar of an unknown god.
  1180 | D:2      | Reached ** piety under Trog
  1527 | D:2      | Reached XP level 4. HP: 36/36 MP: 4/4
  1791 | D:3      | Noticed a bullfrog
  1800 | D:3      | Killed a bullfrog
  1800 | D:3      | Reached XP level 5. HP: 42/42 MP: 5/5
  2329 | D:3      | Found a bloodstained altar of Trog.
  2330 | D:3      | Noticed a wizard
  2335 | D:3      | Killed a wizard
  2671 | D:3      | Reached XP level 6. HP: 16/48 MP: 6/6
  3322 | D:4      | Noticed Menkaure
  3336 | D:4      | Killed Menkaure
  3336 | D:4      | Reached XP level 7. HP: 41/55 MP: 7/7
  3468 | D:4      | Noticed Paps's ghost (novice TrFi)
  3489 | D:4      | Killed Paps's ghost
  3489 | D:4      | Reached skill level 5 in Fighting
  3489 | D:4      | Reached skill level 5 in Axes
  3489 | D:4      | Reached XP level 8. HP: 63/63 MP: 8/8
  3678 | D:4      | Noticed Eustachio
  3703 | D:4      | Killed Eustachio
  3768 | D:4      | Reached skill level 5 in Armour
  3823 | D:4      | Found a staircase to the Ecumenical Temple.
  3857 | D:4      | Found an opulent altar of Gozag.
  3859 | D:4      | Noticed Edmund
  3862 | D:4      | Reached skill level 5 in Dodging
  3875 | D:4      | Killed Edmund
  4109 | D:5      | Entered Level 5 of the Dungeon
  4578 | D:5      | Got an ancient halberd
  4583 | D:5      | Identified the +7 halberd of Egrag {vamp, +Blink rPois Int+6} (You found it on level 5 of the Dungeon)
  4643 | D:5      | Reached XP level 9. HP: 27/69 MP: 9/9
  4660 | D:5      | HP: 1/69 [something (5)]
  4662 | D:5      | Reached skill level 1 in Polearms
  5443 | D:6      | Reached *** piety under Trog
  5470 | D:6      | Got a smoking spear
  5471 | D:6      | Identified the +3 spear of Behokywk {freeze, rElec} (You found it on level 6 of the Dungeon)
  5922 | D:6      | Found a basalt altar of Yredelemnul.
  6415 | D:7      | Found Diehi's Antique Armour Emporium.
  6419 | D:7      | Bought a polished scale mail for 225 gold pieces
  6429 | D:7      | Identified the +1 scale mail of Nobility {rCorr Int+4 SInv} (You bought it in a shop on level 7 of the Dungeon)
  6568 | D:7      | Found a glowing silver altar of Zin.
  6579 | D:7      | Reached skill level 5 in Polearms
  6612 | D:7      | Reached **** piety under Trog
  6738 | D:7      | Reached XP level 10. HP: 69/76 MP: 10/10
  6833 | D:7      | Found a stormy altar of Qazlal.
  6834 | D:7      | Found a hide-covered altar of Uskayaw.
  8049 | D:9      | Noticed Erolcha
  8051 | D:9      | Paralysed by Erolcha for 2 turns
  8061 | D:9      | Killed Erolcha
  8385 | D:9      | Got a steaming iron ring
  8387 | D:9      | Identified the ring "Ehui" {*Corrode rPois Int+4 Dex+5} (You found it on level 9 of the Dungeon)
  8493 | D:9      | Reached ***** piety under Trog
  8614 | D:9      | Received a gift from Trog
  9145 | D:10     | Entered Level 10 of the Dungeon
  9152 | D:10     | Noticed a hill giant
  9161 | D:10     | Killed a hill giant
  9161 | D:10     | Reached XP level 11. HP: 84/84 MP: 11/11
  9246 | D:10     | Found a staircase to the Lair.
  9685 | D:10     | Noticed a four-headed hydra
  9689 | D:10     | Killed a four-headed hydra
  9990 | Lair:1   | Entered Level 1 of the Lair of Beasts
 10368 | Lair:1   | Identified a scroll of acquirement
 10369 | Lair:1   | Got a wavering brass ring
 10371 | Lair:1   | Identified the ring of Kusoqem {*Contam rC+++ Dex+3 SInv Stlth-} (You acquired it on level 1 of the Lair of Beasts)
 10552 | Lair:1   | Noticed a five-headed hydra
 10559 | Lair:1   | Killed a six-headed hydra
 11853 | Lair:2   | Reached XP level 12. HP: 94/94 MP: 12/12
 12472 | Lair:3   | Slain by a basilisk

Skill      XL: |  1  2  3  4  5  6  7  8  9 10 11 12 |
---------------+-------------------------------------+-----
Fighting       | 4 5 6 7 8 9 |  9.1
Armour         | 3 4 5 6 8 9 |  9.9
Dodging        | 3 4 5 6 8 9 |  9.5
Axes           | 4 5 |  5.9
Polearms       | 5 7 8 |  8.7

Action                   |  1- 3 |  4- 6 |  7- 9 | 10-12 || total
-------------------------+-------+-------+-------+-------++-------
Melee: Hand axe          |   112 |   128 |   140 |       ||   380
       Halberd           |       |       |   190 |   388 ||   578
Invok: Berserk           |     2 |     7 |     7 |     4 ||    20
       Trog's Hand       |     1 |     2 |     4 |     3 ||    10
       Burn Spellbooks   |       |       |     3 |       ||     3
       Brothers in Arms  |       |       |       |     2 ||     2
  Use: Potion            |     1 |       |     2 |       ||     3
       Scroll            |       |       |    19 |     7 ||    26
 Stab: Distracted        |       |       |     1 |       ||     1
       Sleeping          |       |       |     1 |       ||     1
  Eat: Chunk             |     2 |     7 |    17 |    15 ||    41
       Bread ration      |       |     1 |       |       ||     1
       Fruit             |       |     3 |       |     6 ||     9
       Pizza             |       |       |     2 |     1 ||     3
       Meat ration       |       |       |     1 |       ||     1
       Royal jelly       |       |       |       |     1 ||     1
Armor: Ring mail         |    34 |    35 |    35 |       ||   104
       Leather armour    |       |       |   100 |       ||   100
       Scale mail        |       |       |    13 |   162 ||   175
Dodge: Dodged            |    76 |    93 |   269 |   341 ||   779
